 Dungeon Crawl Stone Soup version 0.30-a0-279-g4b46babb21 (webtiles) character file.

Game seed: 18266672777557136618

53 plokij the Shooter (level 3, -2/30 HPs)
             Began as a Minotaur Hunter on Oct 16, 2022.
             Slain by a gnoll
             ... wielding a +0 halberd
              (7 damage)
             ... on level 2 of the Dungeon.
             The game lasted 00:10:40 (2163 turns).

plokij the Shooter (Minotaur Hunter)                Turns: 2163, Time: 00:10:41

Health: -2/30      AC:  8    Str: 15    XL:     3   Next: 62%
Magic:  2/2        EV: 10    Int:  6    God:
Gold:   92         SH:  0    Dex: 15    Spells: 2/2 levels left

rFire   . . .      SeeInvis .    a - +0 shortbow
rCold   . . .      Faith    .    (shield currently unavailable)
rNeg    . . .      Spirit   .    r - +0 scale mail
rPois   .          Reflect  .    (helmet restricted)
rElec   .          Harm     .    (no cloak)
rCorr   .          Rampage  .    (no gloves)
Will    .....                    c - +1 pair of boots
Stlth   ..........               (no amulet)
HPRegen 0.25/turn                (no ring)
MPRegen 0.08/turn                (no ring)

@: no status effects
A: horns 2, retaliatory headbutt
a: no special abilities


You were on level 2 of the Dungeon.
You visited 1 branch of the dungeon, and saw 2 of its levels.

You collected 92 gold pieces.

Inventory:

Hand Weapons
 a - a +0 shortbow (weapon)
 e - a +1 dagger of venom
 g - a +3 war axe
Missiles
 d - 46 stones
 i - 11 poisoned darts
 m - 2 boomerangs
Armour
 c - a +1 pair of boots (worn)
 r - a +0 scale mail (worn)
Scrolls
 b - a scroll of immolation
 f - a scroll of poison {unknown}
 j - a scroll of brand weapon {unknown}
 k - 2 scrolls of enchant weapon {unknown}
 l - a scroll of butterflies {unknown}
 n - a scroll of noise {unknown}
 o - 2 scrolls of blinking {unknown}
 p - 4 scrolls of identify {unknown}
 q - a scroll of amnesia {unknown}
Potions
 h - a potion of brilliance {unknown}


   Skills:
 + Level 2.8 Fighting
 + Level 5.5 Ranged Weapons
 + Level 0.9 Armour
 + Level 2.4 Dodging
 + Level 0.7 Stealth


You had 2 spell levels left.
You didn't know any spells.
Your spell library was empty.

Dungeon Overview and Level Annotations

Branches:
Dungeon (2/15)

Altars:


Innate Abilities, Weirdness & Mutations

You have a pair of horns on your head.
You reflexively headbutt those who attack you in melee.


Message History

The gnoll barely misses you.
Fire: a) +0 shortbow
Press: ? - help, Q - select action, (/) - cycle Shift-Dir - straight line, f - gnoll
Aim: a gnoll, wielding a +0 halberd (65% to hit)
You shoot an arrow. The arrow barely misses the gnoll.
The gnoll misses you.
The gnoll hits you from afar with a +0 halberd!
Fire: a) +0 shortbow
Press: ? - help, Q - select action, (/) - cycle Shift-Dir - straight line, f/p - gnoll
Aim: a gnoll, wielding a +0 halberd (65% to hit)
You shoot an arrow. The arrow hits the gnoll.
The gnoll is heavily wounded.
The gnoll barely misses you.
Fire: a) +0 shortbow
Press: ? - help, Q - select action, (/) - cycle Shift-Dir - straight line, f/p - gnoll
Aim: a gnoll, wielding a +0 halberd (heavily wounded, 65% to hit)
You shoot an arrow.
The arrow hits the gnoll but does no damage.
The gnoll is heavily wounded.
The gnoll barely misses you.
Fire: a) +0 shortbow
Press: ? - help, Q - select action, (/) - cycle Shift-Dir - straight line, f/p - gnoll
Aim: a gnoll, wielding a +0 halberd (heavily wounded, 65% to hit)
You shoot an arrow. The arrow barely misses the gnoll.
The gnoll hits you from afar with a +0 halberd.
The gnoll barely misses you.
Fire: a) +0 shortbow
Press: ? - help, Q - select action, (/) - cycle Shift-Dir - straight line, f/p - gnoll
Aim: a gnoll, wielding a +0 halberd (heavily wounded, 65% to hit)
You shoot an arrow. The arrow barely misses the gnoll.
The gnoll hits you from afar with a +0 halberd!
* * * LOW HITPOINT WARNING * * *
Fire: a) +0 shortbow
Press: ? - help, Q - select action, (/) - cycle Shift-Dir - straight line, f/p - gnoll
Aim: a gnoll, wielding a +0 halberd (heavily wounded, 65% to hit)
You shoot an arrow. The arrow barely misses the gnoll.
The gnoll hits you from afar with a +0 halberd.
* * * LOW HITPOINT WARNING * * *
The gnoll hits you from afar with a +0 halberd!
You die...

#.#......#
#.#.###..#
#.#.#....# ##
#.#<#.##.#######
>####.#............#
......#.#.######...#
..#####.#.# #...#
..'.....#.##+#+#P..#
..#######.##..g†@..#
'##.....#.##...#P.##
.##.###.#.##.. #..#
.##.# #.#.### #..#
.##.# #.#.# ####
.##.###.#.#
........#.#
.##.#####.#
.##.#.....#


You could see a gnoll.

Vanquished Creatures
  An adder (D:2)
  A worm (D:2)
  2 dart slugs (D:2)
  4 ball pythons
  2 endoplasms
  3 goblins (D:1)
  3 hobgoblins (D:1)
  2 jackals (D:2)
  5 kobolds
  A quokka (D:1)
  3 bats
  2 frilled lizards (D:1)
  6 rats
35 creatures vanquished.

Vanquished Creatures (others)
  2 plants (D:2)
2 creatures vanquished.

Grand Total: 37 creatures vanquished

Notes
Turn   | Place    | Note
-------+----------+-------------------------------------------
     0 | D:1      | plokij the Minotaur Hunter began the quest for the Orb.
     0 | D:1      | Reached XP level 1. HP: 18/18 MP: 0/0
   175 | D:1      | Reached XP level 2. HP: 25/25 MP: 1/1
   383 | D:1      | Reached skill level 5 in Ranged Weapons
  1273 | D:2      | Reached XP level 3. HP: 30/30 MP: 2/2
  2163 | D:2      | Slain by a gnoll

Illustrated notes

Levels and vault maps discovered:
D:1:      dpeg_chamrin_arrival_tetris, layout_basic
D:2:      wander_river, layout_basic, fountainhead, corexii_shack,
          chequers_mini_garden, minmay_door_square, cheibrodos_gnoll_hut

Skill      XL: |  1  2 |
---------------+-------+-----
Ranged Weapons | 5 |  5.5
Fighting       | |  2.8
Armour         | |  0.9
Dodging        | |  2.4
Stealth        | |  0.7

Action                   || total
-------------------------++-------
 Fire: Shortbow          ||    98
Armor: Leather armour    ||     2
       Ring mail         ||    10
       Scale mail        ||     4
Dodge: Dodged            ||    33

Table legend: (Time is in decaauts)
 A = Elapsed time spent in this place.
 B = Non-inter-level travel time spent in this place.
 C = Inter-level travel time spent in this place.
 D = Time resting spent in this place.
 E = Time spent auto-exploring this place.
 F = Levels seen in this place.
 G = Mean time per level.
                   A        B        C        D        E       F      G
               +--------+--------+--------+--------+--------+-----+--------+
         Total |   2236 |   1499 |    737 |    412 |    785 |   2 | 1118.0 |
       Dungeon |   2236 |   1499 |    737 |    412 |    785 |   2 | 1118.0 |
               +--------+--------+--------+--------+--------+-----+--------+

Top non-repeatable levels by time:
     D:2: 1222 daAuts
     D:1: 1014 daAuts
